Bears vs Roadrunners
Created - Friday, March 7, 2025 at 23:46
Goals
|
Bears |
2 |
1 |
0 |
3 |
Roadrunners |
0 |
0 |
2 |
2 |
|
Shots
|
Bears |
10 |
8 |
11 |
29 |
Roadrunners |
18 |
12 |
12 |
42 |
|
1st period
1. Bears , Maxence Guenette 10 (Andreas Englund 38, Daniil Gushchin 40) at 0:24
2. Bears , Dylan Gambrell 24 (Alex Steeves 41, Connor Mackey 13) at 9:49
Penalties :
Patrick Giles (HER) for Roughing (Minor) at 0:58, Maxence Guenette (HER) for Tripping (Minor) at 12:15, Brandon Scanlin (HER) for Hooking (Minor) at 13:59, Andreas Englund (HER) for Tripping (Minor) at 15:42
2nd period
3. Bears , Alex Steeves 24 (Daniil Gushchin 41, Keaton Middleton 10) at 6:44 (SH)
Penalties :
Connor Mackey (HER) for Tripping (Minor) at 5:02, Andreas Englund (HER) for Slashing (Minor) at 7:14, Roman Ahcan (TUS) for Cross-checking (Minor) at 14:54, Dmitri Samorukov (TUS) for Tripping (Minor) at 16:29, Maxime Comtois (HER) for High sticking (Minor) at 17:41
3rd period
4. Roadrunners , Lane Pederson 31 (Ryker Evans 10) at 14:23 (PP)
5. Roadrunners , Jeff Malott 26 (Maksymilian Szuber 12) at 15:05
Penalties :
Milos Kelemen (HER) for Hooking (Minor) at 1:26, Milos Kelemen (HER) for Roughing (Minor) at 5:07, Patrick Giles (HER) for Interference (Minor) at 11:52, Brandon Scanlin (HER) for Elbowing (Minor) at 13:56, Milos Kelemen (HER) for Holding Stick (Minor) at 17:44, Andreas Englund (HER) for Roughing (Double Minor) at 18:05, Oskar Steen (TUS) for Roughing (Minor) at 18:28
Goalie Stats
Drew Commesso (HER), 40 saves from 42 shots - (0.952), W, 11-10-4, 60:00 minutes
Mads Sogaard (TUS), 26 saves from 29 shots - (0.897), L, 22-20-7, 59:11 minutes
Players Stats for Bears
Player Name G A P +/- PIM S H SB GA TA FO MP PP MP PK MP
------------------------------------------------------------------------------------
Alex Steeves 1 1 2 2 0 4 2 1 0 0 5/9 22:40 0:50 7:24
Andreas Englund 0 1 1 0 8 0 4 0 0 0 0/0 19:46 0:43 8:48
Arnaud Durandeau 0 0 0 0 0 1 1 0 0 0 0/0 3:54 0:00 0:00
Brandon Scanlin 0 0 0 1 4 2 1 1 0 0 0/0 17:14 0:13 5:05
Brett Berard 0 0 0 -1 0 3 1 0 0 0 1/3 20:29 0:00 10:58
Connor Mackey 0 1 1 1 2 0 1 2 0 0 0/0 22:28 0:55 7:32
Damien Giroux 0 0 0 0 0 0 0 0 0 0 2/3 1:27 0:18 0:00
Daniil Gushchin 0 2 2 2 0 4 2 0 0 0 0/3 19:59 1:39 7:27
Dylan Gambrell 1 0 1 1 0 3 0 1 0 0 26/36 22:19 1:08 9:33
Justin Hryckowian 0 0 0 0 0 1 0 0 0 0 2/5 3:54 0:00 0:00
Keaton Middleton 0 1 1 2 0 0 4 1 0 0 0/0 24:23 1:12 9:09
Lucas Carlsson 0 0 0 0 0 2 1 0 0 0 0/0 13:30 1:08 0:18
Maxence Guenette 1 0 1 0 2 2 0 4 0 0 0/0 22:32 1:23 11:01
Maxime Comtois 0 0 0 1 2 2 1 1 0 0 2/5 13:44 1:07 1:46
Milos Kelemen 0 0 0 -1 6 1 1 1 0 0 1/2 9:28 0:00 0:00
Mitchell Chaffee 0 0 0 1 0 3 1 0 0 0 0/3 13:14 1:39 0:23
Parker Ford 0 0 0 -1 0 1 4 0 0 0 10/18 11:47 0:00 2:16
Patrick Giles 0 0 0 1 4 0 1 0 0 0 8/14 12:49 1:39 0:00
Players Stats for Roadrunners
Player Name G A P +/- PIM S H SB GA TA FO MP PP MP PK MP
------------------------------------------------------------------------------------
Clark Bishop 0 0 0 0 0 2 1 0 0 0 2/3 16:12 9:58 0:40
Dmitri Samorukov 0 0 0 -2 2 2 1 1 0 0 0/0 22:22 9:34 0:50
Dylan Coghlan 0 0 0 -1 0 2 1 1 0 0 0/0 23:06 9:41 1:02
Gavin White 0 0 0 0 0 0 0 0 0 0 0/0 0:00 0:00 0:00
Hunter Drew 0 0 0 1 0 0 1 0 0 0 0/0 14:05 0:00 0:21
Jack Ahcan 0 0 0 -2 0 1 0 2 0 0 0/0 23:30 9:34 1:18
Jared Davidson 0 0 0 0 0 2 0 0 0 0 1/2 2:13 1:43 0:00
Jeff Malott 1 0 1 1 0 3 0 0 0 0 1/2 13:44 0:00 0:00
Joona Koppanen 0 0 0 -2 0 3 1 0 0 0 0/1 20:04 9:45 0:00
Lane Pederson 1 0 1 -1 0 6 1 2 0 0 18/35 23:43 9:30 1:23
Maksymilian Szuber 0 1 1 1 0 1 0 0 0 0 0/0 13:37 0:28 0:00
Matthew Maggio 0 0 0 -2 0 1 1 0 0 0 0/0 20:04 9:45 0:00
Oskar Steen 0 0 0 -2 2 6 4 0 0 0 7/30 20:19 9:05 0:48
Philip Kemp 0 0 0 1 0 0 2 1 0 0 0/0 13:02 0:00 0:33
Roman Ahcan 0 0 0 1 2 1 0 0 0 0 12/16 14:20 0:28 0:00
Ryker Evans 0 1 1 -1 0 6 0 1 0 0 0/0 24:01 10:09 1:29
Samuel Asselin 0 0 0 -1 0 1 0 0 0 0 3/11 7:17 0:00 1:14
Trey Fix-Wolansky 0 0 0 -1 0 5 2 0 0 0 0/1 22:49 8:54 1:05
3 Stars
1 - Alex Steeves (HER)
2 - Drew Commesso (HER)
3 - Daniil Gushchin (HER)
Power Play
Bears - 0 on 3 Attempt(s) - 0.00%
Roadrunners - 1 on 14 Attempt(s) - 7.14%
Penalty Kill
Bears - 13 on 14 Attempt(s) - 92.86%
- Score 1 goal in Penalty Kill
Roadrunners - 3 on 3 Attempt(s) - 100.00%
- Score 0 goal in Penalty Kill
Team Stat
Bears - Hits : 25 - Faceoff Wins : 57 - Blocked Shots : 12 - Penalty Minutes : 28
Roadrunners - Hits : 15 - Faceoff Wins : 44 - Blocked Shots : 8 - Penalty Minutes : 6
Official
Referees : Brian Pochmara and Garrett Rank
Linesman : Brandon Gawryletz and Jesse Marquis
Game Notes
No Game Note
Finance
Level 1 -- Attendance: 2000 (100.00%) -- Ticket Income $70,000
Level 2 -- Attendance: 898 (89.80%) -- Ticket Income $13,470
Total Attendance: 2898 (96.60%)
Total Ticket Income: $83,470
Other Income: $40,900
Total Income: $124,370
Bears
5 vs 5 Forward
Center Left Wing Right Wing Time % Phy DF OF
1 Dylan Gambrell Maxime Comtois Alex Steeves 31 0 4 1
2 Patrick Giles Daniil Gushchin Mitchell Chaffee 31 0 4 1
3 Parker Ford Brett Berard Milos Kelemen 28 0 4 1
4 Justin Hryckowian Arnaud Durandeau Alex Steeves 10 0 4 1
5 vs 5 Defense
Defense Defense Time % Phy DF OF
1 Connor Mackey Keaton Middleton 25 1 2 2
2 Andreas Englund Maxence Guenette 25 1 2 2
3 Lucas Carlsson Brandon Scanlin 25 1 2 2
4 Connor Mackey Keaton Middleton 25 1 2 2
PowerPlay Forward
Center Left Wing Right Wing Time % Phy DF OF
1 Dylan Gambrell Maxime Comtois Alex Steeves 60 0 2 3
2 Patrick Giles Daniil Gushchin Mitchell Chaffee 40 0 2 3
PowerPlay Defense
Defense Defense Time % Phy DF OF
1 Connor Mackey Keaton Middleton 60 0 3 2
2 Andreas Englund Maxence Guenette 40 0 3 2
Penalty Kill 4 Players Forward
Center Wing Time % Phy DF OF
1 Dylan Gambrell Brett Berard 60 0 5 0
2 Alex Steeves Daniil Gushchin 40 0 5 0
Penalty Kill 4 Players Defense
Defense Defense Time % Phy DF OF
1 Connor Mackey Keaton Middleton 60 0 5 0
2 Andreas Englund Maxence Guenette 40 0 5 0
Penalty Kill - 3 Players Forward
Forward Time % Phy DF OF
1 Maxime Comtois 60 0 5 0
2 Mitchell Chaffee 40 0 5 0
Penalty Kill - 3 Players Defense
Defense Defense Time % Phy DF OF
1 Connor Mackey Keaton Middleton 60 0 5 0
2 Andreas Englund Maxence Guenette 40 0 5 0
4 vs 4 Forward
Center Wing Time % Phy DF OF
1 Maxime Comtois Dylan Gambrell 60 0 4 1
2 Alex Steeves Daniil Gushchin 40 0 4 1
4 vs 4 Defense
Defense Defense Time % Phy DF OF
1 Connor Mackey Keaton Middleton 60 0 4 1
2 Andreas Englund Maxence Guenette 40 0 4 1
Last Minutes Offensive
Center Left Wing Right Wing Defense Defense
Dylan Gambrell Maxime Comtois Alex Steeves Connor Mackey Keaton Middleton
Last Minutes Defensive
Center Left Wing Right Wing Defense Defense
Dylan Gambrell Maxime Comtois Alex Steeves Connor Mackey Keaton Middleton
Goaltenders
Starting : Drew Commesso
Backup : Dennis Hildeby
Extra Forwards
Normal : Damien Giroux, Milos Kelemen, Parker Ford - PP : Damien Giroux, Milos Kelemen - PK : Parker Ford
Extra Defensemen
Normal : Lucas Carlsson, Brandon Scanlin, Andreas Englund - PP : Lucas Carlsson - PK : Brandon Scanlin, Andreas Englund
Penalty Shots
Alex Steeves, Brett Berard, Daniil Gushchin, Maxime Comtois, Justin Hryckowian
Custom OT Lines Forwards
Maxime Comtois, Dylan Gambrell, Alex Steeves, Daniil Gushchin, Mitchell Chaffee, Patrick Giles, Milos Kelemen, Parker Ford, Brett Berard, Arnaud Durandeau
Custom OT Lines Defensemen
Connor Mackey, Keaton Middleton, Andreas Englund, Maxence Guenette, Lucas Carlsson
Scratches
Vincent Sevigny (Healthy), Nikolas Matinpalo (Healthy), Luka Profaca (Healthy), Bogdan Trineyev (Healthy), Hunter McDonald (Healthy)
Nikolai Knyzhov (Healthy), Antonio Stranges (Broken Bone (Right Leg) Injury), Jeremie Bucheler (Healthy), Cole Krygier (Healthy), Luke Krys (Healthy)
Sean Day (Healthy), Dylan Garand (Healthy), Olof Lindbom (Healthy), Ben Kraws (Healthy), Hugo Alnefelt (Healthy)
Roadrunners
5 vs 5 Forward
Center Left Wing Right Wing Time % Phy DF OF
1 Lane Pederson Clark Bishop Trey Fix-Wolansky 25 1 2 2
2 Oskar Steen Joona Koppanen Matthew Maggio 25 1 2 2
3 Roman Ahcan Jeff Malott Hunter Drew 25 1 2 2
4 Samuel Asselin Lane Pederson Trey Fix-Wolansky 25 1 2 2
5 vs 5 Defense
Defense Defense Time % Phy DF OF
1 Ryker Evans Dylan Coghlan 25 1 2 2
2 Jack Ahcan Dmitri Samorukov 25 1 2 2
3 Maksymilian Szuber Philip Kemp 25 1 2 2
4 Ryker Evans Dylan Coghlan 25 1 2 2
PowerPlay Forward
Center Left Wing Right Wing Time % Phy DF OF
1 Lane Pederson Clark Bishop Trey Fix-Wolansky 60 1 2 2
2 Oskar Steen Joona Koppanen Matthew Maggio 40 1 2 2
PowerPlay Defense
Defense Defense Time % Phy DF OF
1 Ryker Evans Dylan Coghlan 60 1 2 2
2 Jack Ahcan Dmitri Samorukov 40 1 2 2
Penalty Kill 4 Players Forward
Center Wing Time % Phy DF OF
1 Lane Pederson Trey Fix-Wolansky 60 1 2 2
2 Clark Bishop Oskar Steen 40 1 2 2
Penalty Kill 4 Players Defense
Defense Defense Time % Phy DF OF
1 Ryker Evans Dylan Coghlan 60 1 2 2
2 Jack Ahcan Dmitri Samorukov 40 1 2 2
Penalty Kill - 3 Players Forward
Forward Time % Phy DF OF
1 Lane Pederson 60 1 2 2
2 Trey Fix-Wolansky 40 1 2 2
Penalty Kill - 3 Players Defense
Defense Defense Time % Phy DF OF
1 Ryker Evans Dylan Coghlan 60 1 2 2
2 Jack Ahcan Dmitri Samorukov 40 1 2 2
4 vs 4 Forward
Center Wing Time % Phy DF OF
1 Lane Pederson Trey Fix-Wolansky 60 1 2 2
2 Clark Bishop Oskar Steen 40 1 2 2
4 vs 4 Defense
Defense Defense Time % Phy DF OF
1 Ryker Evans Dylan Coghlan 60 1 2 2
2 Jack Ahcan Dmitri Samorukov 40 1 2 2
Last Minutes Offensive
Center Left Wing Right Wing Defense Defense
Lane Pederson Clark Bishop Trey Fix-Wolansky Ryker Evans Dylan Coghlan
Last Minutes Defensive
Center Left Wing Right Wing Defense Defense
Lane Pederson Clark Bishop Trey Fix-Wolansky Ryker Evans Dylan Coghlan
Goaltenders
Starting : Mads Sogaard
Backup : Brandon Halverson
Extra Forwards
Normal : Jared Davidson, Roman Ahcan, Samuel Asselin - PP : Jared Davidson, Roman Ahcan - PK : Samuel Asselin
Extra Defensemen
Normal : Maksymilian Szuber, Philip Kemp, Hunter Drew - PP : Maksymilian Szuber - PK : Philip Kemp, Hunter Drew
Penalty Shots
Lane Pederson, Trey Fix-Wolansky, Clark Bishop, Oskar Steen, Matthew Maggio
Custom OT Lines Forwards
Lane Pederson, Trey Fix-Wolansky, Clark Bishop, Oskar Steen, Matthew Maggio, Joona Koppanen, Hunter Drew, Roman Ahcan, Samuel Asselin, Jared Davidson
Custom OT Lines Defensemen
Ryker Evans, Dylan Coghlan, Jack Ahcan, Dmitri Samorukov, Maksymilian Szuber
Scratches
Max Ellis (Healthy), Jakub Brabenec (Healthy), Daylan Kuefler (Healthy), Carl Berglund (Healthy), Wyatt Newpower (Healthy)
% Time on Ice - Bears
Lines # - Real PCT - Wanted PCT - Time Play
Normal Forward
1 - 30% - 31% - 10:35
2 - 32% - 31% - 11:12
3 - 27% - 28% - 9:31
4 - 11% - 10% - 3:54
Normal Defense
1 - 17% - 25% - 5:51
2 - 29% - 25% - 10:16
3 - 34% - 25% - 11:57
4 - 20% - 25% - 7:08
PP Forward
1 - 41% - 60% - 1:08
2 - 59% - 40% - 1:39
PP Defense
1 - 43% - 60% - 1:12
2 - 57% - 40% - 1:35
PK Forward
1 - 61% - 60% - 11:25
2 - 39% - 40% - 7:24
PK Defense
1 - 41% - 60% - 7:42
2 - 59% - 40% - 11:07
PK3 Forward
1 - 82% - 60% - 1:46
2 - 18% - 40% - 0:23
PK3 Defense
1 - 60% - 60% - 1:17
2 - 40% - 40% - 0:52
44 Forward
1 - 100% - 60% - 1:03
2 - 0% - 40% - 0:00
44 Defense
1 - 100% - 60% - 1:03
2 - 0% - 40% - 0:00
Last Minute Offensive - 0:00
Last Minute Defensive - 0:00
Total
Forward - 60:00
Defense - 60:00
|
% Time on Ice - Roadrunners
Lines # - Real PCT - Wanted PCT - Time Play
Normal Forward
1 - 14% - 25% - 5:06
2 - 29% - 25% - 10:19
3 - 39% - 25% - 13:44
4 - 17% - 25% - 6:03
Normal Defense
1 - 15% - 25% - 5:18
2 - 32% - 25% - 11:07
3 - 35% - 25% - 12:29
4 - 18% - 25% - 6:18
PP Forward
1 - 51% - 60% - 9:58
2 - 49% - 40% - 9:45
PP Defense
1 - 49% - 60% - 9:41
2 - 51% - 40% - 10:02
PK Forward
1 - 72% - 60% - 1:43
2 - 28% - 40% - 0:40
PK Defense
1 - 31% - 60% - 0:44
2 - 69% - 40% - 1:39
PK3 Forward
1 - 100% - 60% - 0:24
2 - 0% - 40% - 0:00
PK3 Defense
1 - 100% - 60% - 0:24
2 - 0% - 40% - 0:00
44 Forward
1 - 80% - 60% - 1:50
2 - 20% - 40% - 0:28
44 Defense
1 - 34% - 60% - 0:47
2 - 66% - 40% - 1:31
Last Minute Offensive - 0:00
Last Minute Defensive - 0:00
Total
Forward - 60:00
Defense - 60:00
|
Play-by-Play
1st period
0:01 of 1st period - Lane Pederson wins face-off versus Dylan Gambrell in neutral zone.
0:07 of 1st period - Clark Bishop is hit by Keaton Middleton and loses puck.
0:18 of 1st period - Shot by Alex Steeves.
0:18 of 1st period - Stopped by Mads Sogaard without a rebound.
0:19 of 1st period - Patrick Giles wins face-off versus Oskar Steen in Roadrunners zone.
0:22 of 1st period - Shot by Andreas Englund.
0:22 of 1st period - Shot Blocked by Jack Ahcan.
0:24 of 1st period - Shot by Maxence Guenette.
0:24 of 1st period - Goal by Maxence Guenette - Bears : 1 - Roadrunners : 0.
0:25 of 1st period - Roman Ahcan wins face-off versus Brett Berard in neutral zone.
0:25 of 1st period - Roman Ahcan is hit by Brett Berard.
0:29 of 1st period - Parker Ford is hit by Hunter Drew.
0:41 of 1st period - Shot by Milos Kelemen.
0:41 of 1st period - Shot Misses the Net.
0:53 of 1st period - Shot by Milos Kelemen.
0:53 of 1st period - Shot Blocked by Philip Kemp.
0:55 of 1st period - Shot by Brett Berard.
0:55 of 1st period - Deflect By Parker Ford.
0:55 of 1st period - Stopped by Mads Sogaard without a rebound.
0:56 of 1st period - Samuel Asselin wins face-off versus Daniil Gushchin in Roadrunners zone.
0:58 of 1st period - Minor Penalty to Patrick Giles for Roughing.
0:59 of 1st period - Lane Pederson wins face-off versus Dylan Gambrell in Bears zone.
1:15 of 1st period - Icing by Clark Bishop.
1:16 of 1st period - Lane Pederson wins face-off versus Alex Steeves in Roadrunners zone.
2:03 of 1st period - Shot by Jack Ahcan.
2:03 of 1st period - Shot Misses the Net.
2:05 of 1st period - Shot by Jack Ahcan.
2:05 of 1st period - Shot Misses the Net.
2:07 of 1st period - Shot by Matthew Maggio.
2:07 of 1st period - Deflect By Oskar Steen.
2:07 of 1st period - Shot Misses the Net.
2:09 of 1st period - Shot by Joona Koppanen.
2:09 of 1st period - Shot Misses the Net.
2:29 of 1st period - Shot by Oskar Steen.
2:29 of 1st period - Shot Blocked by Maxence Guenette.
2:31 of 1st period - Shot by Joona Koppanen.
2:31 of 1st period - Shot Misses the Net.
2:33 of 1st period - Shot by Oskar Steen.
2:33 of 1st period - Shot Hit the Post.
2:42 of 1st period - Off-side.
2:43 of 1st period - Alex Steeves wins face-off versus Lane Pederson in neutral zone.
2:54 of 1st period - Shot by Lane Pederson.
2:54 of 1st period - Shot Misses the Net.
2:58 of 1st period - Shot by Lane Pederson.
2:58 of 1st period - Stopped by Drew Commesso without a rebound.
2:59 of 1st period - Roman Ahcan wins face-off versus Patrick Giles in Bears zone.
3:18 of 1st period - Shot by Roman Ahcan.
3:18 of 1st period - Shot Misses the Net.
3:20 of 1st period - Shot by Hunter Drew.
3:20 of 1st period - Deflect By Roman Ahcan.
3:20 of 1st period - Stopped by Drew Commesso without a rebound.
3:21 of 1st period - Justin Hryckowian wins face-off versus Oskar Steen in Bears zone.
3:21 of 1st period - Justin Hryckowian is hit by Matthew Maggio.
3:37 of 1st period - Shot by Alex Steeves.
3:37 of 1st period - Shot Blocked by Dmitri Samorukov.
3:55 of 1st period - Shot by Oskar Steen.
3:55 of 1st period - Deflect By Joona Koppanen.
3:55 of 1st period - Shot Misses the Net.
3:57 of 1st period - Shot by Matthew Maggio.
3:57 of 1st period - Deflect By Oskar Steen.
3:57 of 1st period - Stopped by Drew Commesso without a rebound.
3:58 of 1st period - Patrick Giles wins face-off versus Samuel Asselin in Bears zone.
3:58 of 1st period - Patrick Giles is hit by Lane Pederson.
4:22 of 1st period - Shot by Mitchell Chaffee.
4:22 of 1st period - Stopped by Mads Sogaard without a rebound.
4:23 of 1st period - Roman Ahcan wins face-off versus Parker Ford in Roadrunners zone.
4:23 of 1st period - Roman Ahcan is hit by Parker Ford.
4:30 of 1st period - Off-side.
4:31 of 1st period - Dylan Gambrell wins face-off versus Roman Ahcan in neutral zone.
4:44 of 1st period - Icing by Dmitri Samorukov.
4:45 of 1st period - Parker Ford wins face-off versus Roman Ahcan in Roadrunners zone.
4:55 of 1st period - Icing by Jack Ahcan.
4:56 of 1st period - Roman Ahcan wins face-off versus Dylan Gambrell in Roadrunners zone.
4:56 of 1st period - Jeff Malott is hit by Alex Steeves and loses puck.
5:00 of 1st period - Dmitri Samorukov is hit by Alex Steeves.
5:26 of 1st period - Jack Ahcan is hit by Andreas Englund and loses puck.
6:36 of 1st period - Icing by Philip Kemp.
6:37 of 1st period - Oskar Steen wins face-off versus Parker Ford in Roadrunners zone.
6:37 of 1st period - Oskar Steen is hit by Parker Ford.
7:04 of 1st period - Milos Kelemen is hit by Philip Kemp.
7:12 of 1st period - Shot by Parker Ford.
7:12 of 1st period - Shot Misses the Net.
7:14 of 1st period - Shot by Milos Kelemen.
7:14 of 1st period - Stopped by Mads Sogaard without a rebound.
7:15 of 1st period - Roman Ahcan wins face-off versus Justin Hryckowian in Roadrunners zone.
7:34 of 1st period - Shot by Jeff Malott.
7:34 of 1st period - Stopped by Drew Commesso with a rebound.
8:07 of 1st period - Roman Ahcan is hit by Daniil Gushchin and loses puck.
8:17 of 1st period - Jack Ahcan is hit by Keaton Middleton and loses puck.
8:31 of 1st period - Samuel Asselin is hit by Keaton Middleton and loses puck.
8:34 of 1st period - Shot by Trey Fix-Wolansky.
8:34 of 1st period - Stopped by Drew Commesso without a rebound.
8:35 of 1st period - Parker Ford wins face-off versus Lane Pederson in Bears zone.
8:47 of 1st period - Icing by Philip Kemp.
8:48 of 1st period - Dylan Gambrell wins face-off versus Lane Pederson in Roadrunners zone.
9:01 of 1st period - Shot by Lucas Carlsson.
9:01 of 1st period - Stopped by Mads Sogaard without a rebound.
9:02 of 1st period - Parker Ford wins face-off versus Oskar Steen in Roadrunners zone.
9:12 of 1st period - Icing by Dylan Coghlan.
9:13 of 1st period - Dylan Gambrell wins face-off versus Oskar Steen in Roadrunners zone.
9:26 of 1st period - Shot by Oskar Steen.
9:26 of 1st period - Shot Misses the Net.
9:28 of 1st period - Shot by Oskar Steen.
9:28 of 1st period - Stopped by Drew Commesso without a rebound.
9:29 of 1st period - Samuel Asselin wins face-off versus Parker Ford in Bears zone.
9:32 of 1st period - Shot by Trey Fix-Wolansky.
9:32 of 1st period - Stopped by Drew Commesso without a rebound.
9:33 of 1st period - Dylan Gambrell wins face-off versus Samuel Asselin in Bears zone.
9:39 of 1st period - Shot by Dylan Gambrell.
9:39 of 1st period - Shot Blocked by Lane Pederson.
9:47 of 1st period - Shot by Dylan Gambrell.
9:47 of 1st period - Shot Misses the Net.
9:49 of 1st period - Shot by Dylan Gambrell.
9:49 of 1st period - Goal by Dylan Gambrell - Bears : 2 - Roadrunners : 0.
9:50 of 1st period - Oskar Steen wins face-off versus Patrick Giles in neutral zone.
9:50 of 1st period - Maksymilian Szuber is hit by Daniil Gushchin and loses puck.
10:06 of 1st period - Oskar Steen is hit by Andreas Englund and loses puck.
11:09 of 1st period - Shot by Ryker Evans.
11:09 of 1st period - Stopped by Drew Commesso with a rebound.
11:11 of 1st period - Shot by Samuel Asselin.
11:11 of 1st period - Deflect By Lane Pederson.
11:11 of 1st period - Shot Blocked by Alex Steeves.
11:47 of 1st period - Shot by Jeff Malott.
11:47 of 1st period - Stopped by Drew Commesso without a rebound.
11:48 of 1st period - Justin Hryckowian wins face-off versus Oskar Steen in Bears zone.
11:53 of 1st period - Lucas Carlsson is hit by Joona Koppanen and loses puck.
12:10 of 1st period - Shot by Oskar Steen.
12:10 of 1st period - Deflect By Matthew Maggio.
12:10 of 1st period - Shot Misses the Net.
12:12 of 1st period - Shot by Matthew Maggio.
12:12 of 1st period - Stopped by Drew Commesso with a rebound.
12:14 of 1st period - Shot by Joona Koppanen.
12:14 of 1st period - Stopped by Drew Commesso without a rebound.
12:15 of 1st period - Lane Pederson wins face-off versus Parker Ford in Bears zone.
12:15 of 1st period - Minor Penalty to Maxence Guenette for Tripping.
12:16 of 1st period - Dylan Gambrell wins face-off versus Lane Pederson in Bears zone.
12:24 of 1st period - Icing by Dylan Coghlan.
12:25 of 1st period - Dylan Gambrell wins face-off versus Lane Pederson in Roadrunners zone.
12:34 of 1st period - Shot by Clark Bishop.
12:34 of 1st period - Stopped by Drew Commesso with a rebound.
12:36 of 1st period - Shot by Clark Bishop.
12:36 of 1st period - Stopped by Drew Commesso with a rebound.
12:38 of 1st period - Shot by Ryker Evans.
12:38 of 1st period - Shot Misses the Net.
12:40 of 1st period - Shot by Dylan Coghlan.
12:40 of 1st period - Stopped by Drew Commesso with a rebound.
12:42 of 1st period - Shot by Lane Pederson.
12:42 of 1st period - Shot Misses the Net.
12:52 of 1st period - Shot by Ryker Evans.
12:52 of 1st period - Stopped by Drew Commesso without a rebound.
12:53 of 1st period - Alex Steeves wins face-off versus Oskar Steen in Bears zone.
13:26 of 1st period - Shot by Matthew Maggio.
13:26 of 1st period - Deflect By Oskar Steen.
13:26 of 1st period - Stopped by Drew Commesso without a rebound.
13:27 of 1st period - Lane Pederson wins face-off versus Alex Steeves in Bears zone.
13:59 of 1st period - Minor Penalty to Brandon Scanlin for Hooking.
14:00 of 1st period - Oskar Steen wins face-off versus Maxime Comtois in Bears zone.
14:11 of 1st period - Shot by Jack Ahcan.
14:11 of 1st period - Shot Blocked by Maxime Comtois.
14:13 of 1st period - Shot by Oskar Steen.
14:13 of 1st period - Shot Blocked by Connor Mackey.
14:32 of 1st period - Icing by Dmitri Samorukov.
14:33 of 1st period - Alex Steeves wins face-off versus Oskar Steen in Roadrunners zone.
14:56 of 1st period - Shot by Daniil Gushchin.
14:56 of 1st period - Stopped by Mads Sogaard without a rebound.
14:57 of 1st period - Dylan Gambrell wins face-off versus Lane Pederson in Roadrunners zone.
15:09 of 1st period - Off-side.
15:10 of 1st period - Lane Pederson wins face-off versus Dylan Gambrell in neutral zone.
15:32 of 1st period - Clark Bishop is hit by Andreas Englund and loses puck.
15:42 of 1st period - Minor Penalty to Andreas Englund for Tripping.
15:43 of 1st period - Maxime Comtois wins face-off versus Oskar Steen in Bears zone.
15:43 of 1st period - Maxime Comtois is hit by Oskar Steen.
16:32 of 1st period - Daniil Gushchin is hit by Trey Fix-Wolansky and loses puck.
16:39 of 1st period - Shot by Dylan Coghlan.
16:39 of 1st period - Shot Misses the Net.
16:41 of 1st period - Shot by Ryker Evans.
16:41 of 1st period - Stopped by Drew Commesso without a rebound.
16:42 of 1st period - Dylan Gambrell wins face-off versus Lane Pederson in Bears zone.
17:01 of 1st period - Shot by Ryker Evans.
17:01 of 1st period - Shot Blocked by Brandon Scanlin.
17:48 of 1st period - Off-side.
17:49 of 1st period - Roman Ahcan wins face-off versus Patrick Giles in neutral zone.
18:37 of 1st period - Shot by Alex Steeves.
18:37 of 1st period - Stopped by Mads Sogaard without a rebound.
18:38 of 1st period - Oskar Steen wins face-off versus Parker Ford in Roadrunners zone.
18:46 of 1st period - Icing by Brandon Scanlin.
18:47 of 1st period - Parker Ford wins face-off versus Lane Pederson in Bears zone.
19:07 of 1st period - Shot by Brandon Scanlin.
19:07 of 1st period - Stopped by Mads Sogaard without a rebound.
19:08 of 1st period - Dylan Gambrell wins face-off versus Oskar Steen in Roadrunners zone.
19:09 of 1st period - Shot by Maxime Comtois.
19:09 of 1st period - Shot Misses the Net.
19:27 of 1st period - Shot by Oskar Steen.
19:27 of 1st period - Stopped by Drew Commesso without a rebound.
19:28 of 1st period - Parker Ford wins face-off versus Roman Ahcan in Bears zone.
19:53 of 1st period - Shot by Hunter Drew.
19:53 of 1st period - Shot Blocked by Milos Kelemen.
Goals for this period are 2 for Bears vs 0 for Roadrunners.
Shots for this period are 10 for Bears vs 18 for Roadrunners.
2nd period
0:01 of 2nd period - Dylan Gambrell wins face-off versus Samuel Asselin in neutral zone.
0:33 of 2nd period - Shot by Trey Fix-Wolansky.
0:33 of 2nd period - Stopped by Drew Commesso with a rebound.
0:36 of 2nd period - Icing by Keaton Middleton.
0:37 of 2nd period - Dylan Gambrell wins face-off versus Oskar Steen in Bears zone.
0:48 of 2nd period - Shot by Oskar Steen.
0:48 of 2nd period - Stopped by Drew Commesso with a rebound.
1:00 of 2nd period - Matthew Maggio is hit by Maxime Comtois and loses puck.
1:43 of 2nd period - Shot by Mitchell Chaffee.
1:43 of 2nd period - Shot Misses the Net.
2:16 of 2nd period - Shot by Brett Berard.
2:16 of 2nd period - Stopped by Mads Sogaard with a rebound.
2:18 of 2nd period - Shot by Brett Berard.
2:18 of 2nd period - Stopped by Mads Sogaard with a rebound.
2:58 of 2nd period - Shot by Arnaud Durandeau.
2:58 of 2nd period - Shot Misses the Net.
3:03 of 2nd period - Icing by Maksymilian Szuber.
3:04 of 2nd period - Roman Ahcan wins face-off versus Daniil Gushchin in Roadrunners zone.
3:04 of 2nd period - Roman Ahcan is hit by Patrick Giles.
3:17 of 2nd period - Icing by Andreas Englund.
3:18 of 2nd period - Lane Pederson wins face-off versus Patrick Giles in Bears zone.
3:18 of 2nd period - Lane Pederson is hit by Andreas Englund.
3:22 of 2nd period - Shot by Trey Fix-Wolansky.
3:22 of 2nd period - Stopped by Drew Commesso without a rebound.
3:23 of 2nd period - Parker Ford wins face-off versus Clark Bishop in Bears zone.
3:37 of 2nd period - Icing by Dylan Coghlan.
3:38 of 2nd period - Lane Pederson wins face-off versus Patrick Giles in Roadrunners zone.
4:11 of 2nd period - Shot by Daniil Gushchin.
4:11 of 2nd period - Shot Misses the Net.
4:14 of 2nd period - Icing by Lane Pederson.
4:15 of 2nd period - Dylan Gambrell wins face-off versus Lane Pederson in Roadrunners zone.
4:18 of 2nd period - Shot by Alex Steeves.
4:18 of 2nd period - Shot Blocked by Dylan Coghlan.
4:21 of 2nd period - Icing by Dylan Coghlan.
4:22 of 2nd period - Lane Pederson wins face-off versus Dylan Gambrell in Roadrunners zone.
4:24 of 2nd period - Icing by Ryker Evans.
4:25 of 2nd period - Dylan Gambrell wins face-off versus Lane Pederson in Roadrunners zone.
5:02 of 2nd period - Minor Penalty to Connor Mackey for Tripping.
5:03 of 2nd period - Dylan Gambrell wins face-off versus Oskar Steen in Bears zone.
5:22 of 2nd period - Shot by Matthew Maggio.
5:22 of 2nd period - Shot Misses the Net.
5:24 of 2nd period - Shot by Dmitri Samorukov.
5:24 of 2nd period - Stopped by Drew Commesso without a rebound.
5:25 of 2nd period - Lane Pederson wins face-off versus Parker Ford in Bears zone.
5:39 of 2nd period - Ryker Evans is hit by Keaton Middleton and loses puck.
5:46 of 2nd period - Shot by Ryker Evans.
5:46 of 2nd period - Stopped by Drew Commesso without a rebound.
5:47 of 2nd period - Dylan Gambrell wins face-off versus Oskar Steen in Bears zone.
5:47 of 2nd period - Dylan Gambrell is hit by Oskar Steen.
6:44 of 2nd period - Shot by Alex Steeves.
6:44 of 2nd period - Goal by Alex Steeves - Bears : 3 - Roadrunners : 0.
6:45 of 2nd period - Alex Steeves wins face-off versus Lane Pederson in neutral zone.
7:14 of 2nd period - Minor Penalty to Andreas Englund for Slashing.
7:15 of 2nd period - Dylan Gambrell wins face-off versus Lane Pederson in Bears zone.
7:24 of 2nd period - Shot by Dylan Coghlan.
7:24 of 2nd period - Stopped by Drew Commesso with a rebound.
7:26 of 2nd period - Shot by Dylan Coghlan.
7:26 of 2nd period - Shot Misses the Net.
7:28 of 2nd period - Shot by Clark Bishop.
7:28 of 2nd period - Deflect By Lane Pederson.
7:28 of 2nd period - Stopped by Drew Commesso without a rebound.
7:29 of 2nd period - Lane Pederson wins face-off versus Alex Steeves in Bears zone.
7:38 of 2nd period - Shot by Clark Bishop.
7:38 of 2nd period - Shot Misses the Net.
7:42 of 2nd period - Shot by Lane Pederson.
7:42 of 2nd period - Stopped by Drew Commesso with a rebound.
7:52 of 2nd period - Shot by Ryker Evans.
7:52 of 2nd period - Stopped by Drew Commesso without a rebound.
7:53 of 2nd period - Oskar Steen wins face-off versus Dylan Gambrell in Bears zone.
7:57 of 2nd period - Oskar Steen is hit by Connor Mackey and loses puck.
8:18 of 2nd period - Shot by Dmitri Samorukov.
8:18 of 2nd period - Shot Misses the Net.
8:56 of 2nd period - Shot by Ryker Evans.
8:56 of 2nd period - Shot Misses the Net.
9:06 of 2nd period - Shot by Jared Davidson.
9:06 of 2nd period - Stopped by Drew Commesso without a rebound.
9:07 of 2nd period - Jared Davidson wins face-off versus Brett Berard in Bears zone.
9:27 of 2nd period - Jeff Malott is hit by Brandon Scanlin and loses puck.
9:40 of 2nd period - Shot by Roman Ahcan.
9:40 of 2nd period - Shot Misses the Net.
10:22 of 2nd period - Shot by Arnaud Durandeau.
10:22 of 2nd period - Shot Misses the Net.
10:24 of 2nd period - Shot by Alex Steeves.
10:24 of 2nd period - Shot Misses the Net.
10:26 of 2nd period - Shot by Justin Hryckowian.
10:26 of 2nd period - Stopped by Mads Sogaard with a rebound.
10:28 of 2nd period - Shot by Maxence Guenette.
10:28 of 2nd period - Stopped by Mads Sogaard without a rebound.
10:29 of 2nd period - Parker Ford wins face-off versus Oskar Steen in Roadrunners zone.
10:38 of 2nd period - Shot by Ryker Evans.
10:38 of 2nd period - Shot Misses the Net.
10:40 of 2nd period - Shot by Joona Koppanen.
10:40 of 2nd period - Shot Blocked by Keaton Middleton.
10:50 of 2nd period - Shot by Joona Koppanen.
10:50 of 2nd period - Shot Misses the Net.
11:36 of 2nd period - Icing by Connor Mackey.
11:37 of 2nd period - Jeff Malott wins face-off versus Parker Ford in Bears zone.
12:47 of 2nd period - Shot by Lane Pederson.
12:47 of 2nd period - Stopped by Drew Commesso without a rebound.
12:48 of 2nd period - Patrick Giles wins face-off versus Oskar Steen in Bears zone.
13:28 of 2nd period - Dylan Coghlan is hit by Mitchell Chaffee and loses puck.
14:21 of 2nd period - Icing by Jack Ahcan.
14:22 of 2nd period - Lane Pederson wins face-off versus Justin Hryckowian in Roadrunners zone.
14:54 of 2nd period - Minor Penalty to Roman Ahcan for Cross-checking.
14:55 of 2nd period - Patrick Giles wins face-off versus Lane Pederson in Roadrunners zone.
15:02 of 2nd period - Shot by Mitchell Chaffee.
15:02 of 2nd period - Shot Misses the Net.
15:04 of 2nd period - Shot by Patrick Giles.
15:04 of 2nd period - Shot Blocked by Ryker Evans.
15:06 of 2nd period - Shot by Lucas Carlsson.
15:06 of 2nd period - Stopped by Mads Sogaard with a rebound.
15:16 of 2nd period - Shot by Patrick Giles.
15:16 of 2nd period - Shot Misses the Net.
15:46 of 2nd period - Shot by Dylan Gambrell.
15:46 of 2nd period - Stopped by Mads Sogaard without a rebound.
15:47 of 2nd period - Dylan Gambrell wins face-off versus Samuel Asselin in Roadrunners zone.
15:52 of 2nd period - Shot by Alex Steeves.
15:52 of 2nd period - Shot Misses the Net.
15:58 of 2nd period - Shot by Alex Steeves.
15:58 of 2nd period - Stopped by Mads Sogaard without a rebound.
15:59 of 2nd period - Lane Pederson wins face-off versus Daniil Gushchin in Roadrunners zone.
16:22 of 2nd period - Shot by Mitchell Chaffee.
16:22 of 2nd period - Shot Misses the Net.
16:29 of 2nd period - Minor Penalty to Dmitri Samorukov for Tripping.
16:30 of 2nd period - Dylan Gambrell wins face-off versus Lane Pederson in Roadrunners zone.
16:50 of 2nd period - Shot by Maxime Comtois.
16:50 of 2nd period - Shot Misses the Net.
17:41 of 2nd period - Minor Penalty to Maxime Comtois for High sticking.
17:42 of 2nd period - Damien Giroux wins face-off versus Jared Davidson in Bears zone.
17:50 of 2nd period - Icing by Dylan Gambrell.
17:51 of 2nd period - Damien Giroux wins face-off versus Lane Pederson in Bears zone.
18:02 of 2nd period - Shot by Lane Pederson.
18:02 of 2nd period - Shot Hit the Post.
18:14 of 2nd period - Shot by Trey Fix-Wolansky.
18:14 of 2nd period - Shot Misses the Net.
18:21 of 2nd period - Icing by Keaton Middleton.
18:22 of 2nd period - Clark Bishop wins face-off versus Damien Giroux in Bears zone.
18:25 of 2nd period - Shot by Oskar Steen.
18:25 of 2nd period - Shot Blocked by Dylan Gambrell.
18:49 of 2nd period - Shot by Ryker Evans.
18:49 of 2nd period - Shot Blocked by Maxence Guenette.
18:51 of 2nd period - Shot by Joona Koppanen.
18:51 of 2nd period - Stopped by Drew Commesso without a rebound.
18:52 of 2nd period - Alex Steeves wins face-off versus Oskar Steen in Bears zone.
Goals for this period are 1 for Bears vs 0 for Roadrunners.
Shots for this period are 8 for Bears vs 12 for Roadrunners.
3rd period
0:01 of 3rd period - Dylan Gambrell wins face-off versus Samuel Asselin in neutral zone.
1:22 of 3rd period - Shot by Daniil Gushchin.
1:22 of 3rd period - Stopped by Mads Sogaard without a rebound.
1:23 of 3rd period - Roman Ahcan wins face-off versus Parker Ford in Roadrunners zone.
1:23 of 3rd period - Roman Ahcan is hit by Parker Ford.
1:26 of 3rd period - Minor Penalty to Milos Kelemen for Hooking.
1:27 of 3rd period - Dylan Gambrell wins face-off versus Lane Pederson in Bears zone.
2:12 of 3rd period - Shot by Ryker Evans.
2:12 of 3rd period - Deflect By Oskar Steen.
2:12 of 3rd period - Shot Misses the Net.
2:14 of 3rd period - Shot by Ryker Evans.
2:14 of 3rd period - Stopped by Drew Commesso with a rebound.
2:16 of 3rd period - Shot by Joona Koppanen.
2:16 of 3rd period - Stopped by Drew Commesso without a rebound.
2:17 of 3rd period - Parker Ford wins face-off versus Oskar Steen in Bears zone.
3:12 of 3rd period - Shot by Lane Pederson.
3:12 of 3rd period - Shot Misses the Net.
3:14 of 3rd period - Shot by Jared Davidson.
3:14 of 3rd period - Stopped by Drew Commesso with a rebound.
3:57 of 3rd period - Shot by Jeff Malott.
3:57 of 3rd period - Shot Misses the Net.
4:26 of 3rd period - Off-side.
4:27 of 3rd period - Samuel Asselin wins face-off versus Dylan Gambrell in neutral zone.
4:45 of 3rd period - Shot by Dylan Gambrell.
4:45 of 3rd period - Shot Misses the Net.
4:47 of 3rd period - Shot by Dylan Gambrell.
4:47 of 3rd period - Shot Blocked by Jack Ahcan.
4:49 of 3rd period - Shot by Maxime Comtois.
4:49 of 3rd period - Stopped by Mads Sogaard without a rebound.
4:50 of 3rd period - Brett Berard wins face-off versus Oskar Steen in Roadrunners zone.
4:55 of 3rd period - Shot by Brett Berard.
4:55 of 3rd period - Shot Misses the Net.
5:07 of 3rd period - Minor Penalty to Milos Kelemen for Roughing.
5:08 of 3rd period - Dylan Gambrell wins face-off versus Lane Pederson in Bears zone.
7:03 of 3rd period - Shot by Roman Ahcan.
7:03 of 3rd period - Shot Blocked by Maxence Guenette.
7:05 of 3rd period - Shot by Maksymilian Szuber.
7:05 of 3rd period - Stopped by Drew Commesso without a rebound.
7:06 of 3rd period - Dylan Gambrell wins face-off versus Oskar Steen in Bears zone.
7:59 of 3rd period - Shot by Maxime Comtois.
7:59 of 3rd period - Stopped by Mads Sogaard with a rebound.
8:34 of 3rd period - Shot by Patrick Giles.
8:34 of 3rd period - Shot Misses the Net.
8:36 of 3rd period - Shot by Mitchell Chaffee.
8:36 of 3rd period - Stopped by Mads Sogaard without a rebound.
8:37 of 3rd period - Patrick Giles wins face-off versus Samuel Asselin in Roadrunners zone.
9:08 of 3rd period - Shot by Trey Fix-Wolansky.
9:08 of 3rd period - Shot Misses the Net.
9:10 of 3rd period - Shot by Samuel Asselin.
9:10 of 3rd period - Stopped by Drew Commesso without a rebound.
9:11 of 3rd period - Parker Ford wins face-off versus Oskar Steen in Bears zone.
9:11 of 3rd period - Parker Ford is hit by Oskar Steen.
9:30 of 3rd period - Brett Berard is hit by Dylan Coghlan.
9:59 of 3rd period - Brett Berard is hit by Dmitri Samorukov and loses puck.
10:11 of 3rd period - Off-side.
10:12 of 3rd period - Dylan Gambrell wins face-off versus Samuel Asselin in neutral zone.
10:31 of 3rd period - Shot by Alex Steeves.
10:31 of 3rd period - Shot Misses the Net.
10:33 of 3rd period - Shot by Brandon Scanlin.
10:33 of 3rd period - Stopped by Mads Sogaard without a rebound.
10:34 of 3rd period - Patrick Giles wins face-off versus Oskar Steen in Roadrunners zone.
10:53 of 3rd period - Shot by Oskar Steen.
10:53 of 3rd period - Stopped by Drew Commesso without a rebound.
10:54 of 3rd period - Dylan Gambrell wins face-off versus Roman Ahcan in Bears zone.
11:00 of 3rd period - Icing by Maxime Comtois.
11:01 of 3rd period - Roman Ahcan wins face-off versus Dylan Gambrell in Bears zone.
11:21 of 3rd period - Shot by Dylan Gambrell.
11:21 of 3rd period - Stopped by Mads Sogaard with a rebound.
11:52 of 3rd period - Minor Penalty to Patrick Giles for Interference.
11:53 of 3rd period - Dylan Gambrell wins face-off versus Oskar Steen in Bears zone.
12:43 of 3rd period - Shot by Dmitri Samorukov.
12:43 of 3rd period - Stopped by Drew Commesso without a rebound.
12:44 of 3rd period - Lane Pederson wins face-off versus Alex Steeves in Bears zone.
12:51 of 3rd period - Shot by Lane Pederson.
12:51 of 3rd period - Shot Misses the Net.
12:53 of 3rd period - Shot by Lane Pederson.
12:53 of 3rd period - Shot Blocked by Connor Mackey.
13:54 of 3rd period - Oskar Steen is hit by Lucas Carlsson and loses puck.
13:56 of 3rd period - Minor Penalty to Brandon Scanlin for Elbowing.
13:57 of 3rd period - Lane Pederson wins face-off versus Dylan Gambrell in Bears zone.
14:02 of 3rd period - Shot by Ryker Evans.
14:02 of 3rd period - Shot Misses the Net.
14:23 of 3rd period - Shot by Lane Pederson.
14:23 of 3rd period - Goal by Lane Pederson - Bears : 3 - Roadrunners : 1.
14:24 of 3rd period - Roman Ahcan wins face-off versus Mitchell Chaffee in neutral zone.
14:36 of 3rd period - Icing by Lucas Carlsson.
14:37 of 3rd period - Patrick Giles wins face-off versus Joona Koppanen in Bears zone.
14:48 of 3rd period - Shot by Patrick Giles.
14:48 of 3rd period - Shot Misses the Net.
14:50 of 3rd period - Shot by Patrick Giles.
14:50 of 3rd period - Deflect By Mitchell Chaffee.
14:50 of 3rd period - Stopped by Mads Sogaard without a rebound.
14:51 of 3rd period - Roman Ahcan wins face-off versus Milos Kelemen in Roadrunners zone.
14:51 of 3rd period - Roman Ahcan is hit by Parker Ford.
14:54 of 3rd period - Maksymilian Szuber is hit by Milos Kelemen and loses puck.
15:05 of 3rd period - Shot by Jeff Malott.
15:05 of 3rd period - Goal by Jeff Malott - Bears : 3 - Roadrunners : 2.
15:06 of 3rd period - Patrick Giles wins face-off versus Oskar Steen in neutral zone.
15:17 of 3rd period - Icing by Jack Ahcan.
15:18 of 3rd period - Dylan Gambrell wins face-off versus Oskar Steen in Roadrunners zone.
15:59 of 3rd period - Alex Steeves is hit by Oskar Steen and loses puck.
16:13 of 3rd period - Off-side.
16:14 of 3rd period - Lane Pederson wins face-off versus Patrick Giles in neutral zone.
16:23 of 3rd period - Mitchell Chaffee is hit by Clark Bishop and loses puck.
16:42 of 3rd period - Shot by Daniil Gushchin.
16:42 of 3rd period - Stopped by Mads Sogaard with a rebound.
16:44 of 3rd period - Shot by Daniil Gushchin.
16:44 of 3rd period - Stopped by Mads Sogaard without a rebound.
16:45 of 3rd period - Parker Ford wins face-off versus Jeff Malott in Roadrunners zone.
16:47 of 3rd period - Milos Kelemen is hit by Philip Kemp and loses puck.
16:52 of 3rd period - Shot by Milos Kelemen.
16:52 of 3rd period - Shot Misses the Net.
16:54 of 3rd period - Shot by Milos Kelemen.
16:54 of 3rd period - Shot Misses the Net.
16:56 of 3rd period - Shot by Brett Berard.
16:56 of 3rd period - Stopped by Mads Sogaard without a rebound.
16:57 of 3rd period - Roman Ahcan wins face-off versus Justin Hryckowian in Roadrunners zone.
16:57 of 3rd period - Maksymilian Szuber is hit by Arnaud Durandeau.
17:07 of 3rd period - Shot by Arnaud Durandeau.
17:07 of 3rd period - Stopped by Mads Sogaard with a rebound.
17:14 of 3rd period - Off-side.
17:15 of 3rd period - Milos Kelemen wins face-off versus Samuel Asselin in neutral zone.
17:43 of 3rd period - Shot by Brett Berard.
17:43 of 3rd period - Shot Blocked by Lane Pederson.
17:44 of 3rd period - Minor Penalty to Milos Kelemen for Holding Stick.
17:45 of 3rd period - Oskar Steen wins face-off versus Dylan Gambrell in Bears zone.
18:05 of 3rd period - Double Minor Penalty to Andreas Englund for Roughing.
18:06 of 3rd period - Maxime Comtois wins face-off versus Trey Fix-Wolansky in Bears zone.
18:06 of 3rd period - Maxime Comtois is hit by Trey Fix-Wolansky.
18:18 of 3rd period - Shot by Trey Fix-Wolansky.
18:18 of 3rd period - Stopped by Drew Commesso without a rebound.
18:19 of 3rd period - Oskar Steen wins face-off versus Maxime Comtois in Bears zone.
18:28 of 3rd period - Minor Penalty to Oskar Steen for Roughing.
18:29 of 3rd period - Lane Pederson wins face-off versus Maxime Comtois in Roadrunners zone.
18:40 of 3rd period - Shot by Trey Fix-Wolansky.
18:40 of 3rd period - Shot Misses the Net.
19:00 of 3rd period - Roadrunners, Mads Sogaard is pulled from the net.
19:15 of 3rd period - Icing by Clark Bishop.
19:16 of 3rd period - Mads Sogaard from Roadrunners was sent back in the game.
19:16 of 3rd period - Clark Bishop wins face-off versus Mitchell Chaffee in Roadrunners zone.
19:27 of 3rd period - Roadrunners, Mads Sogaard is pulled from the net.
19:27 of 3rd period - Shot by Jack Ahcan.
19:27 of 3rd period - Shot Misses the Net.
19:29 of 3rd period - Shot by Jack Ahcan.
19:29 of 3rd period - Stopped by Drew Commesso without a rebound.
19:30 of 3rd period - Lane Pederson wins face-off versus Mitchell Chaffee in Bears zone.
19:35 of 3rd period - Shot by Lane Pederson.
19:35 of 3rd period - Shot Misses the Net.
19:37 of 3rd period - Shot by Jack Ahcan.
19:37 of 3rd period - Shot Misses the Net.
19:39 of 3rd period - Shot by Lane Pederson.
19:39 of 3rd period - Shot Blocked by Maxence Guenette.
19:53 of 3rd period - Shot by Lane Pederson.
19:53 of 3rd period - Stopped by Drew Commesso with a rebound.
Goals for this period are 0 for Bears vs 2 for Roadrunners.
Shots for this period are 11 for Bears vs 12 for Roadrunners.
Back to the Top